 Dungeon Crawl Stone Soup version 0.28.0-1-gb440e238dd (webtiles) character file.

Game seed: 11583722681632778230

2 Snicker the Sneak (level 1, 0/16 HPs)
             Began as a Demonspawn Delver on Feb 21, 2022.
             Succumbed to a scorpion's poison
             ... on level 4 of the Dungeon.
             The game lasted 00:02:39 (1336 turns).

Snicker the Sneak (Demonspawn Delver)               Turns: 1336, Time: 00:02:39

Health: 0/16       AC:  3    Str: 12    XL:     1   Next: 25%
Magic:  1/1        EV: 11    Int: 13    God:
Gold:   22         SH:  0    Dex: 14    Spells: 0/0 levels left

rFire   . . .      SeeInvis .   a - +0 short sword
rCold   . . .      Faith    .   (no shield)
rNeg    . . .      Spirit   .   b - +0 leather armour
rPois   .          Reflect  .   (no helmet)
rElec   .          Harm     .   (no cloak)
rCorr   .          Rampage  .   (no gloves)
Will    .....                   (no boots)
Stlth   +++.......              (no amulet)
HPRegen 0.05/turn               (no ring)
MPRegen 0.07/turn               (no ring)

@: lethally poisoned (0 -> -3)
A: talons 1, clever 1, frail 1, evolution 1
a: no special abilities


You were on level 4 of the Dungeon.
You visited 2 branches of the dungeon, and saw 6 of its levels.

You collected 22 gold pieces.

Inventory:

Hand Weapons
 a - a +0 short sword (weapon)
Armour
 b - a +0 leather armour (worn)
Wands
 g - a wand of digging (3)
Scrolls
 c - a scroll of fog
 d - a scroll of magic mapping
 e - a scroll of silence {unknown}
 h - a scroll of vulnerability {unknown}
 j - a scroll of enchant weapon {unknown}
Potions
 f - a potion of haste


   Skills:
 + Level 3.0 Fighting
 * Level 1.7 Short Blades
 + Level 1.7 Dodging
 * Level 4.6 Stealth


You couldn't memorise any spells.
You didn't know any spells.
Your spell library contained the following spells:

 Spells                   Type           Power      Damage    Failure   Level
 Ensorcelled Hibernation  Hex/Ice        0%         N/A       52%         2
 Passwall                 Tmut/Erth      0%         N/A       52%         2
 Swiftness                Air            0%         N/A       75%         3


Dungeon Overview and Level Annotations

Branches:
Dungeon (7/15)             Temple (1/1) D:4

Altars:
Ashenzari
Gozag
Hepliaklqana
Kikubaaqudgha
Nemelex Xobeh
Okawaru
Ru
Wu Jian
Yredelemnul
Zin
The Shining One


Innate Abilities, Weirdness & Mutations

You have sharp toenails.
Your mind is acute. (Int +2)
You are frail. (-10% HP)
You have hidden genetic potential.


Message History

Found an ancient bone altar of Kikubaaqudgha.
Found a glowing golden altar of the Shining One.
Found a sacrificial altar of Ru.
Found a hazy altar of Hepliaklqana and a basalt altar of Yredelemnul.
Found an opulent altar of Gozag.
There is a basalt altar of Yredelemnul here.
Found an iron altar of Okawaru.
Found an ornate altar of the Wu Jian Council.
Search for what [? for help]? goz
There is an opulent altar of Gozag here.
You kneel at the altar of Gozag.
Gozag does not accept service from beggars like you!
The service fee for joining is currently 108 gold; you only have 22.
Unknown command.
Press < or > to pray at altars.
Unknown command.
Press < or > to pray at altars.
(D) Dungeon (T) Temple
Where to? (Enter - Temple @ (x,y), ? - help)
There is a staircase back to the Dungeon here.
You climb upwards.
The hound skeleton closely misses you. The scorpion stings you.
The hound skeleton bites you but does no damage.
There is a staircase to the Ecumenical Temple here.
The scorpion stings you.
You are lethally poisoned!
The scorpion poisons you!
You feel sick.
* * * LOW HITPOINT WARNING * * *
You feel sick.
Found 22 stones.
* * * LOW HITPOINT WARNING * * *
You feel sick.
* * * LOW HITPOINT WARNING * * *
You feel sick.
Okay, then.
Unknown command.
* * * LOW HITPOINT WARNING * * *
You feel sick.
You die...

..##.###.......#
#.#...⌠....#####
#.#........#
#.#.⌠.>.⌠..#
#.Z.......##
#.#...⌠...# #
#s####...##
..#..###.###.....# #
.......@...........
.
.##.#####.##.....###
# .###...## (. ..##
###


You could see a scorpion and a hound skeleton.

Vanquished Creatures
  A quokka (D:4)
  A quokka skeleton (D:4)
2 creatures vanquished.

Notes
Turn   | Place    | Note
-------+----------+-------------------------------------------
     0 | D:5      | Snicker the Demonspawn Delver began the quest for the Orb.
     0 | D:5      | Reached XP level 1. HP: 18/18 MP: 1/1
    96 | D:5      | Noticed an iguana
   139 | D:7      | Noticed an orc wizard
   148 | D:6      | Noticed a black bear
   196 | D:6      | Noticed a hound
   693 | D:5      | Noticed an ice beast
   846 | D:4      | Noticed an iguana
   879 | D:4      | Noticed a scorpion
   886 | D:4      | Gained mutation: You have sharp toenails. [potion of
                  | mutation]
   886 | D:4      | Gained mutation: You are frail. (-10% HP) [potion of
                  | mutation]
   886 | D:4      | Gained mutation: Your mind is acute. (Int +2) [potion of
                  | mutation]
   886 | D:4      | Gained mutation: You have hidden genetic potential. [potion
                  | of mutation]
   901 | D:4      | Found a staircase to the Ecumenical Temple.
   911 | Temple   | Entered the Ecumenical Temple
  1336 | D:4      | Succumbed to a scorpion's poison

Illustrated notes

Levels and vault maps discovered:
D:3:      layout_loops_corners
D:4:      layout_loops_ring, temple_fountains, nicolae_elevator_lobby_asterisk
D:5:      layout_basic, mainiacjoe_overflow_alcove_1
D:6:      layout_loops_corners, xom_butterflies
D:7:      layout_cave_pools, amcnicky_altar_gilded, enter_bailey_8,
          minmay_misc_feat_ornament, wad_rectangle_vault, uniq_menkaure
Temple:   hc_temple_tempest_star

Action                   || total
-------------------------++-------
Melee: Short sword       ||     4
  Use: Scroll            ||     1
       Potion            ||     1
 Stab: Sleeping          ||     1
Armor: Leather armour    ||     4
Dodge: Dodged            ||     8
